 Dungeon Crawl Stone Soup version 0.21.1-1-g345015f (webtiles) character file.

221 Lanoc the Magician (level 5, -1/43 HPs)
             Began as a Gnoll Wanderer on Mar 21, 2018.
             Slain by a bullfrog (3 damage)
             ... in a sewer.
             The game lasted 00:10:44 (2443 turns).

Lanoc the Magician (Gnoll Wanderer)                 Turns: 2443, Time: 00:10:45

Health: -1/43      AC:  5    Str: 14    XL:     5   Next: 98%
Magic:  14/14      EV: 12    Int: 15    God:
Gold:   177        SH:  0    Dex: 15    Spells: 14/18 levels left

rFire    . . .     SeeInvis .   n - +3 dagger (venom)
rCold    . . .     Gourm    .   (no shield)
rNeg     . . .     Faith    .   c - +0 robe
rPois    .         Spirit   .   (no helmet)
rElec    .         Reflect  .   (no cloak)
rCorr    .         Harm     .   e - +2 pair of gloves
MR       .....                  (no boots)
Stlth    ++........             (no amulet)
HPRegen  0.14/turn              (no ring)
MPRegen  0.14/turn              (no ring)

@: drained
A: distributed training, fangs 1, strong nose
a: no special abilities


You were in a sewer.
You were not hungry.

You visited 1 branch of the dungeon, and saw 3 of its levels.
You also visited: Sewer.

You collected 177 gold pieces.

Inventory:

Hand Weapons
 n - a +3 dagger of venom (weapon)
Missiles
 h - 38 sling bullets
 i - 17 arrows
Armour
 c - a +0 robe (worn)
 e - a +2 pair of gloves (worn)
Wands
 a - a wand of enslavement (15)
 l - a wand of random effects (31)
Scrolls
 g - 2 scrolls of identify
 j - 2 scrolls of remove curse
 m - a scroll of amnesia
Potions
 k - a potion of flight
Books
 b - the Guide on Envenoming

   Spells                             Type                      Level
   a - Sting                          Conjuration/Poison           1
   b - Ignite Poison                  Fire/Transmutation/Poison    3
Comestibles
 d - 11 chunks of flesh
 f - 5 rations


   Skills:
 + Level 4.8(4.2) Fighting
 + Level 1.6(1.0) Short Blades
 + Level 1.6(1.0) Long Blades
 + Level 1.6(1.0) Axes
 + Level 1.6(1.0) Maces & Flails
 + Level 1.6(1.0) Polearms
 + Level 1.6(1.0) Staves
 + Level 1.6(1.0) Slings
 + Level 1.6(1.0) Bows
 + Level 1.6(1.0) Crossbows
 + Level 1.6(1.0) Throwing
 + Level 3.1(2.4) Armour
 + Level 1.6(1.0) Dodging
 + Level 2.9(2.2) Stealth
 + Level 1.6(1.0) Shields
 + Level 1.6(1.0) Unarmed Combat
 + Level 7.3(6.6) Spellcasting
 + Level 1.3(0.7) Conjurations
 + Level 4.0(3.3) Hexes
 + Level 1.3(0.7) Charms
 + Level 1.3(0.7) Summonings
 + Level 1.3(0.7) Necromancy
 + Level 1.3(0.7) Translocations
 + Level 1.3(0.7) Transmutations
 + Level 1.3(0.7) Fire Magic
 + Level 1.3(0.7) Ice Magic
 + Level 1.3(0.7) Air Magic
 + Level 1.3(0.7) Earth Magic
 + Level 1.3(0.7) Poison Magic
 + Level 1.9(1.2) Invocations
 + Level 3.1(2.4) Evocations


You had 14 spell levels left.
You knew the following spells:

 Your Spells              Type           Power        Failure   Level  Hunger
a - Sting                 Conj/Pois      #...         11%         1    None
b - Ignite Poison         Fire/Tmut/Pois #.......     30%         3    ##.....


Dungeon Overview and Level Annotations

Branches:
Dungeon (3/15)

Altars:


Innate Abilities, Weirdness & Mutations

Your experience applies equally to all skills.
You have very sharp teeth.
Your uncanny sense of smell can sniff out nearby items.


Message History

You hit the bullfrog.
The bullfrog is poisoned.
The bullfrog is lightly wounded.
The bullfrog releases a deep croak.
The bullfrog barely misses you. The bullfrog hits you! The bullfrog hits you.
* * * LOW HITPOINT WARNING * * *
It was a potion of magic.
Magic courses through your body. The bullfrog barely misses you.
The bullfrog hits you.
* * * LOW HITPOINT WARNING * * *
The bullfrog hits you.
* * * LOW HITPOINT WARNING * * *
The bullfrog closely misses you. The bullfrog misses you.
The bullfrog closely misses you.
You hit the bullfrog.
The bullfrog looks even sicker.
The bullfrog is moderately wounded.
The bullfrog barely misses you. The bullfrog hits you.
* * * LOW HITPOINT WARNING * * *
The bullfrog hits you.
* * * LOW HITPOINT WARNING * * *
The bullfrog hits you.
You die...

#.≈≈≈≈≈≈≈≈≈≈≈≈≈≈≈≈≈≈≈≈.#
#.≈≈≈≈≈≈≈≈≈≈≈≈≈≈≈≈≈≈≈≈.#
#.≈≈≈.≈≈≈≈≈≈≈≈≈≈..≈≈≈≈.#
#≈########≈≈≈≈≈≈≈≈.≈≈≈.#
#≈# ##≈≈≈≈≈≈≈≈≈.≈≈≈.#
#≈# #≈≈≈≈≈≈≈≈≈≈≈≈≈≈.#
#≈# ##≈≈≈≈≈≈≈≈≈≈≈≈≈≈.#
#≈# #≈≈≈≈≈≈≈≈≈≈≈≈≈≈≈.#
#≈# #≈≈∩.≈≈≈@≈≈≈≈≈≈≈.#
#≈# ##≈≈....FF.≈≈≈≈≈≈.#
#.# #≈≈≈≈≈..≈≈≈≈≈≈≈≈≈.#
#.# #≈≈≈≈≈≈≈.≈≈≈≈≈≈≈≈.#
### #.#
#≈≈≈≈≈.%.≈≈≈≈≈≈≈≈.# #.#
#.# #≈≈≈≈.)$[≈≈≈≈≈÷≈≈.#
#∩# #.#
#≈≈≈≈..[≈≈≈≈≈≈≈≈≈.# #.#
#.# #≈≈≈≈≈≈.≈≈≈≈≈.≈≈≈.#
#∩# #.#
##≈≈≈≈.≈≈≈≈≈≈.≈≈≈.# #.#


You could see 2 bullfrogs.

Vanquished Creatures
  A scorpion (D:3)
  3 gnolls (D:2)
  6 adders
  An ooze (D:2)
  2 worms
  2 dart slugs (D:2)
  2 leopard geckos (Sewer)
  An orc (D:3)
  2 ball pythons
  10 giant cockroaches
  7 goblins
  6 hobgoblins
  6 jackals (D:3)
  4 kobolds
  2 quokkas (D:2)
  4 bats
  7 frilled lizards
  4 rats
70 creatures vanquished.

Notes
Turn   | Place    | Note
-------+----------+-------------------------------------------
     0 | D:1      | Lanoc the Gnoll Wanderer began the quest for the Orb.
     0 | D:1      | Lanoc set off with: a wand of enslavement (15), the Guide on Envenoming, a +0 robe, a +0 club, a ration
     0 | D:1      | Reached XP level 1. HP: 20/20 MP: 8/8
     0 | D:1      | Identified the Guide on Envenoming
     2 | D:1      | Learned a level 1 spell: Sting
   135 | D:1      | Reached XP level 2. HP: 26/26 MP: 6/10
   770 | D:2      | Reached XP level 3. HP: 31/31 MP: 5/11
   785 | D:2      | Reached skill level 1 in Invocations
  1027 | D:2      | Reached skill level 1 in Short Blades
  1027 | D:2      | Reached skill level 1 in Long Blades
  1027 | D:2      | Reached skill level 1 in Axes
  1027 | D:2      | Reached skill level 1 in Maces & Flails
  1027 | D:2      | Reached skill level 1 in Polearms
  1027 | D:2      | Reached skill level 1 in Staves
  1027 | D:2      | Reached skill level 1 in Slings
  1027 | D:2      | Reached skill level 1 in Bows
  1027 | D:2      | Reached skill level 1 in Crossbows
  1027 | D:2      | Reached skill level 1 in Throwing
  1027 | D:2      | Reached skill level 1 in Dodging
  1027 | D:2      | Reached skill level 1 in Shields
  1027 | D:2      | Reached skill level 1 in Unarmed Combat
  1027 | D:2      | Reached XP level 4. HP: 36/38 MP: 8/13
  1523 | D:3      | Learned a level 3 spell: Ignite Poison
  1559 | D:3      | Reached skill level 1 in Conjurations
  1559 | D:3      | Reached skill level 1 in Charms
  1559 | D:3      | Reached skill level 1 in Summonings
  1559 | D:3      | Reached skill level 1 in Necromancy
  1559 | D:3      | Reached skill level 1 in Translocations
  1559 | D:3      | Reached skill level 1 in Transmutations
  1559 | D:3      | Reached skill level 1 in Fire Magic
  1559 | D:3      | Reached skill level 1 in Ice Magic
  1559 | D:3      | Reached skill level 1 in Air Magic
  1559 | D:3      | Reached skill level 1 in Earth Magic
  1559 | D:3      | Reached skill level 1 in Poison Magic
  1777 | D:3      | Found a faded altar of an unknown god.
  1862 | D:3      | Reached XP level 5. HP: 15/43 MP: 14/14
  2007 | D:3      | Found a glowing drain.
  2016 | Sewer    | Entered a sewer
  2443 | Sewer    | HP: 2/43 [bullfrog (4)]
  2443 | Sewer    | Slain by a bullfrog

Skill      XL: |  1  2  3  4  5 |
---------------+----------------+-----
Invocations    | 1 |  1.9
Short Blades   | 1 |  1.6
Long Blades    | 1 |  1.6
Axes           | 1 |  1.6
Maces & Flails | 1 |  1.6
Polearms       | 1 |  1.6
Staves         | 1 |  1.6
Slings         | 1 |  1.6
Bows           | 1 |  1.6
Crossbows      | 1 |  1.6
Throwing       | 1 |  1.6
Dodging        | 1 |  1.6
Shields        | 1 |  1.6
Unarmed Combat | 1 |  1.6
Conjurations   | 1 |  1.3
Charms         | 1 |  1.3
Summonings     | 1 |  1.3
Necromancy     | 1 |  1.3
Translocations | 1 |  1.3
Transmutations | 1 |  1.3
Fire Magic     | 1 |  1.3
Ice Magic      | 1 |  1.3
Air Magic      | 1 |  1.3
Earth Magic    | 1 |  1.3
Poison Magic   | 1 |  1.3
Armour         | 3 |  3.1
Hexes          | 4 |  4.0
Evocations     | 3 |  3.1
Fighting       | |  4.8
Stealth        | |  2.9
Spellcasting   | |  7.3

Action                   |  1- 3 |  4- 6 || total
-------------------------+-------+-------++-------
Melee: Club              |    52 |       ||    52
       Bite              |     8 |    12 ||    20
       Dagger            |       |   122 ||   122
       Punch             |       |     1 ||     1
 Cast: Sting             |    42 |    46 ||    88
       Ignite Poison     |       |     1 ||     1
  Use: Scroll            |       |     3 ||     3
       Potion            |       |     2 ||     2
 Stab: Sleeping          |     1 |     1 ||     2
  Eat: Chunk             |       |     5 ||     5
Armor: Robe              |    16 |    37 ||    53
Dodge: Dodged            |    45 |   102 ||   147
